 Dungeon Crawl Stone Soup version 0.28.0-45-g0d030f2227 (webtiles) character file.

Game seed: 6714006395314935501

4953 ultragoat the Grappler (level 10, -11/100 HPs)
             Began as a Troll Monk on Apr 3, 2022.
             Was a Priest of Makhleb.
             Mangled by an orc warrior
             ... wielding a +0 broad axe
              (31 damage)
             ... in a bailey.
             The game lasted 00:37:22 (8261 turns).

ultragoat the Grappler (Troll Monk)                 Turns: 8261, Time: 00:37:23

Health: -11/100    AC:  6    Str: 31    XL:     10   Next: 28%
Magic:  18/18      EV: 10    Int:  6    God:    Makhleb [***...]
Gold:   524        SH:  8    Dex: 10    Spells: 9/9 levels left

rFire   + . .      SeeInvis .   q - +7 Throatcutter {drain, coup de grace}
rCold   . . .      Faith    .   t - +0 kite shield
rNeg    . . .      Spirit   .   h - +1 robe
rPois   .          Reflect  .   b - +1 hat
rElec   .          Harm     .   (no cloak)
rCorr   .          Rampage  .   (gloves unavailable)
Will    +....                   (boots unavailable)
Stlth   ++........              e - amulet of Ekihinei {rF+ Will+ Regen+ MP+9 Dex-2}
HPRegen 1.86/turn               m - +6 ring of strength
MPRegen 0.16/turn               (no ring)

@: no status effects
A: large, unfitting armour, claws 3, regeneration 1, shaggy fur 1, tough skin 1
a: Renounce Religion, Minor Destruction, Lesser Servant of Makhleb


You were in a bailey.
You worshipped Makhleb.
Makhleb was most pleased with you.
You visited 2 branches of the dungeon, and saw 11 of its levels.
You also visited: Ossuary and Bailey.

You collected 608 gold pieces.
You spent 84 gold pieces at shops.

Inventory:

Hand Weapons
 q - the +7 Throatcutter (weapon) {drain, coup de grace}
   (You took it off Terence on level 3 of the Dungeon)

   A truly terrible weapon, it drains the life of any living foe it strikes.
   It may instantly kill foes which have little health.
Missiles
 k - 17 boomerangs (quivered)
 n - 4 javelins
Armour
 b - a +1 hat (worn)
 h - a +1 robe (worn)
 t - a +0 kite shield (worn)
Jewellery
 e - the amulet of Ekihinei (around neck) {rF+ Will+ Regen+ MP+9 Dex-2}
   (You acquired it on level 3 of the Dungeon)

   [amulet of regeneration]

   Dex:       It affects your dexterity (-2).
   rF:        It protects you from fire.
   MP:        It affects your magic capacity (+9).
   Regen:     It increases your rate of health regeneration.
   Will:      It increases your willpower.
 m - a +6 ring of strength (left claw)
 x - an amulet of guardian spirit
Wands
 d - a wand of mindburst (10)
 j - a wand of acid (2)
Scrolls
 g - a scroll of teleportation
 o - 2 scrolls of magic mapping
 r - 3 scrolls of holy word
 s - a scroll of fear
 u - a scroll of immolation {unknown}
 v - a scroll of blinking
 y - 2 scrolls of identify
Potions
 a - 2 potions of curing
 c - a potion of magic
 f - a potion of haste
 i - 5 potions of ambrosia
 l - 2 potions of berserk rage
 p - 2 potions of heal wounds
 w - 2 potions of degeneration {unknown}
 z - a potion of invisibility {unknown}


   Skills:
 + Level 6.3 Fighting
 * Level 5.2 Long Blades
 + Level 0.0 Throwing
 + Level 6.3 Dodging
 - Level 1.4 Stealth
 * Level 4.1 Shields
 - Level 8.2 Unarmed Combat
 - Level 1.2 Evocations


You had 9 spell levels left.
You didn't know any spells.
Your spell library contained the following spells:

 Spells                   Type           Power      Damage    Failure   Level
 Magic Dart               Conj           0%         1d3       75%         1
 Sandblast                Erth           0%         2d4       75%         1
 Corpse Rot               Necr/Air       0%         N/A       86%         2
 Passwall                 Tmut/Erth      0%         N/A       86%         2
 Poisonous Vapours        Pois/Air       0%         N/A       86%         2
 Searing Ray              Conj           0%         2d4       86%         2
 Stone Arrow              Conj/Erth      0%         3d7       98%         3
 Anguish                  Hex/Necr       0%         N/A       100%        4
 Fulminant Prism          Conj/Hex       0%         3d6       100%        4
 Metabolic Englaciation   Hex/Ice        0%         N/A       100%        5
 Yara's Violent Unravell  Hex/Tmut       0%         3d3       100%        5


Dungeon Overview and Level Annotations

Branches:
Dungeon (10/15)            Temple (1/1) D:6             Orc (0/2) D:9
Ossuary (visited)          Bailey (1/1)
   Lair: D:8-11

Altars:
Ashenzari
Cheibriados
Dithmenos
Elyvilon
Fedhas
Gozag
Hepliaklqana
Kikubaaqudgha
Makhleb
Nemelex Xobeh
Okawaru
Qazlal
Ru
Sif Muna
Trog
Uskayaw
Vehumet
Wu Jian
Xom
Yredelemnul
Zin
The Shining One

Shops:
D:5 [   D:6 (

Annotations:
D:10 Erica


Innate Abilities, Weirdness & Mutations

You are too large for most types of armour.
You have claws for hands.
Your natural rate of healing is unusually fast.
You are covered in fur. (AC +1)
You have tough skin. (AC +1)


Message History

The orc knight shouts!
The orc knight roars a battlecry!
You hear a shout!
Throw: 17 boomerangs
Press: ? - help, Q - select action, (/) - cycle Shift-Dir - straight line, f - orc knight
Aim: an orc knight, wielding a +0 war axe and wearing a +0 chain mail (55% to hit)
You throw a boomerang.
The boomerang closely misses the orc knight.
An orc warrior comes into view. It is wielding a +0 broad axe.
Aiming: Mindburst
Press: ? - help, Shift-Dir - straight line, f/p - orc knight
Aim: an orc knight, wielding a +0 war axe and wearing a +0 chain mail (chance to affect: 52%)
The orc knight's mind is blasted!
Aiming: Corrosive Bolt
Press: ? - help, Shift-Dir - straight line, f/p - orc knight
Aim: an orc knight, wielding a +0 war axe and wearing a +0 chain mail (moderately wounded, 68% to hit)
The bolt of acid hits the orc knight!
The orc knight is moderately wounded.
Aiming: Corrosive Bolt
Press: ? - help, Shift-Dir - straight line, f/p - orc knight
Aim: an orc knight, wielding a +0 war axe and wearing a +0 chain mail (moderately wounded, 68% to hit)
The bolt of acid hits the orc knight!
The acid corrodes the orc knight!
The orc knight is heavily wounded.
The orc warrior curses repeatedly, in orcish tradition.
You closely miss the orc knight.
The orc knight is heavily wounded.
The orc knight hits you with a +0 war axe!!
You closely miss the orc knight.
The orc knight is heavily wounded.
The orc knight hits you with a +0 war axe! x2
You hit the orc knight. You drain the orc knight.
The orc knight is heavily wounded.
You block the orc warrior's attack. You block the orc knight's attack.
You closely miss the orc knight.
The orc knight is heavily wounded.
The orc warrior hits you with a +0 broad axe!!
The orc knight hits you with a +0 war axe!
* * * LOW HITPOINT WARNING * * *
The orc warrior hits you with a +0 broad axe!!
You die...

#...# #†.)#
####))†####
##≈.......≈##
###≈≈.......≈≈###
...≈≈.......≈≈....
.###≈≈.......≈≈###.
....≈≈.......≈≈...
###≈≈.@.....≈≈###
....≈≈.oo....≈≈..
.###(≈.......≈≈###
..≈≈.......≈≈..
###≈≈.......≈≈##
.≈≈.......≈≈.
##≈≈.......≈≈#
##≈.......≈#


You could see an orc knight (corroded, drained) and an orc warrior (strong).

Vanquished Creatures
  A troll (D:10)
  Grum (D:8)
  2 water moccasins
  An orc warrior (D:6)
  3 ice beasts
  A sky beast (D:8)
  2 necrophages (D:5)
  3 ogres
  2 wolves
  7 centaurs
  3 kobold brigands (Bailey)
  A gnoll sergeant (D:8)
  2 scorpions (D:5)
  2 bullfrogs (D:9)
  A wyvern zombie (D:6)
  A water moccasin skeleton (D:6)
  A howler monkey (D:5)
  14 wights
  3 centaur zombies
  A hound (D:5)
  3 jellies
  A bullfrog zombie (D:5)
  8 orc priests
  2 bullfrog skeletons (D:6)
  A gnoll shaman (D:8)
  A centaur skeleton (D:6)
  4 iguanas
  Terence (D:3)
  6 orc wizards
  8 mummies (Ossuary)
  Robin (D:3)
  8 gnolls
  8 adders
  An adder skeleton (D:4)
  A dart slug (D:4)
  23 orcs
  9 ball pythons
  3 endoplasms
  5 giant cockroaches
  A gnoll zombie (Ossuary)
  10 goblins
  10 hobgoblins
  2 jackals (D:1)
  6 quokkas
  4 bats
  3 frilled lizards
  4 hobgoblin zombies (Ossuary)
  16 kobolds
  A kobold zombie (Ossuary)
  2 orc zombies (Ossuary)
  4 rats
209 creatures vanquished.

Notes
Turn   | Place    | Note
-------+----------+-------------------------------------------
     0 | D:1      | ultragoat the Troll Monk began the quest for the Orb.
     0 | D:1      | Reached XP level 1. HP: 22/22 MP: 0/0
    72 | D:1      | Found a faded altar of an unknown god.
    74 | D:1      | Got the Incunabulum of the Oath
   114 | D:1      | Reached XP level 2. HP: 29/29 MP: 1/1
   666 | D:2      | Reached XP level 3. HP: 36/36 MP: 2/2
  1316 | D:3      | Identified a scroll of acquirement
  1316 | D:3      | Acquired the amulet of Ekihinei {rF+ Will+ Regen+ MP+9
                  | Dex-2}
  1462 | D:3      | You fall into a shaft and drop 3 floors!
  1463 | D:6      | Noticed an ice beast
  1500 | D:7      | Noticed an ogre
  1510 | D:7      | Killed an ogre
  1511 | D:7      | Reached skill level 4 in Unarmed Combat
  1511 | D:7      | Reached XP level 4. HP: 14/45 MP: 3/3
  1511 | D:7      | Reached XP level 5. HP: 17/53 MP: 4/4
  1629 | D:7      | Noticed an orc warrior
  1719 | D:6      | You fall into a shaft and drop 1 floor!
  1758 | D:7      | Noticed an ogre
  1764 | D:7      | Killed an ogre
  1871 | D:6      | Reached XP level 6. HP: 53/61 MP: 5/5
  1920 | D:6      | Found Ziczyzy's Antique Weapon Shop.
  1960 | D:5      | Entered Level 5 of the Dungeon
  1962 | D:5      | Noticed a water moccasin
  1981 | D:5      | Killed a water moccasin
  1982 | D:5      | Reached skill level 5 in Unarmed Combat
  2141 | D:5      | Reached XP level 7. HP: 70/70 MP: 6/6
  2154 | D:5      | Reached skill level 6 in Unarmed Combat
  2451 | D:5      | Reached XP level 8. HP: 79/79 MP: 7/7
  2555 | D:5      | Reached skill level 7 in Unarmed Combat
  2784 | D:5      | Found Etoshrav's Armour Shoppe.
  2793 | D:5      | Bought a +1 robe for 84 gold pieces
  2915 | D:4      | Found a sand-covered staircase.
  2947 | Ossuary  | Entered an ossuary
  3997 | D:4      | Reached skill level 5 in Fighting
  3997 | D:4      | Reached skill level 5 in Dodging
  3997 | D:4      | Reached skill level 1 in Evocations
  4399 | D:3      | Identified the +2 leather armour of Twilight {Str+3}
  4465 | D:3      | Noticed Robin
  4477 | D:3      | Killed Robin
  4664 | D:3      | Noticed Terence
  4669 | D:3      | Killed Terence
  5069 | D:6      | Reached skill level 1 in Long Blades
  5071 | D:6      | Found a staircase to the Ecumenical Temple.
  5085 | D:6      | Reached skill level 8 in Unarmed Combat
  5160 | D:6      | Reached XP level 9. HP: 66/88 MP: 8/8
  5276 | D:6      | Found a shadowy altar of Dithmenos.
  5710 | Temple   | Entered the Ecumenical Temple
  5897 | Temple   | Became a worshipper of Makhleb the Destroyer
  5897 | Temple   | Reached * piety under Makhleb
  5897 | Temple   | Reached ** piety under Makhleb
  6548 | D:7      | Reached skill level 1 in Shields
  7151 | D:8      | Found a sacrificial altar of Ru.
  7242 | D:8      | Noticed Grum
  7347 | D:8      | Killed Grum
  7478 | D:8      | Found an iron altar of Okawaru.
  7754 | D:9      | Reached XP level 10. HP: 30/98 MP: 9/9
  8038 | D:9      | Found a staircase to the Orcish Mines.
  8042 | D:10     | Entered Level 10 of the Dungeon
  8106 | D:10     | Identified the +1 robe of Submission {*Slow Int+9}
  8154 | D:10     | Reached skill level 5 in Long Blades
  8154 | D:10     | Noticed a two-headed ogre
  8166 | D:10     | Noticed Erica
  8185 | D:10     | Found a flagged portal.
  8200 | Bailey   | Entered a bailey
  8221 | Bailey   | Reached *** piety under Makhleb
  8252 | Bailey   | Noticed an orc knight
  8261 | Bailey   | Mangled by an orc warrior

Illustrated notes

Levels and vault maps discovered:
D:1:      eino_arrival_water_star, layout_rooms, basic_ecumenical_altar
D:2:      layout_loops_cross, minmay_pentomino_w4
D:3:      layout_basic, uniq_robin, uniq_terence
D:4:      layout_layer_cave, nicolae_ossuary_entry_ruins,
          small_statue_intersection
D:5:      layout_gridville, serial_shops, nicolae_diamond_shop
D:6:      layout_cave_pods, nicolae_dithmenos_the_darkroom,
          minmay_temple_entry_glass, serial_shops, nicolae_take_the_stairs
D:7:      layout_gridville
D:8:      layout_cave_pools, nicolae_ru_path_of_blood, okawaru_trees_2,
          hangedman_glass_teeth, uniq_grum
D:9:      layout_cave_pools, lair_entry_dummy, minmay_orc_entry_guard_dogs,
          uniq_pikel
D:10:     layout_rooms, enter_bailey_2, uniq_erica, uniq_maggie
Temple:   mainiacjoe_temple_bowtie_tessellation
Bailey:   bailey_axe_3, bailey

Skill      XL: |  1  2  3  4  5  6  7  8  9 10 |
---------------+-------------------------------+-----
Fighting       | 3 4 5 6 |  6.3
Dodging        | 3 4 5 6 |  6.3
Unarmed Combat | 4 5 6 8 |  8.2
Evocations     | 1 |  1.2
Long Blades    | 2 4 5 |  5.2
Shields        | 3 4 |  4.1
Stealth        | |  1.4

Action                   |  1- 3 |  4- 6 |  7- 9 | 10-12 || total
-------------------------+-------+-------+-------+-------++-------
Melee: Unarmed           |    89 |    47 |   198 |       ||   334
       Punch             |     1 |       |    10 |       ||    11
       Long sword        |       |       |   162 |    50 ||   212
Throw: Boomerang         |       |       |       |     5 ||     5
Evoke: Wand              |       |       |     5 |     3 ||     8
  Use: Scroll            |     5 |       |     9 |     1 ||    15
       Potion            |     2 |     1 |     8 |     1 ||    12
 Stab: Sleeping          |     1 |       |     3 |       ||     4
Armor: Robe              |    46 |    14 |   123 |    35 ||   218
Dodge: Dodged            |    82 |    43 |   187 |    41 ||   353
Block: Kite shield       |       |       |    54 |    42 ||    96
